 Dungeon Crawl Stone Soup version 0.23-a0-305-g7ffd15e (webtiles) character file.

791 galech the Chopper (level 7, -3/54 HPs)
             Began as a Demonspawn Fighter on Oct 9, 2018.
             Slain by Edmund
             ... wielding a +6 flail of draining
              (7 damage)
             ... on level 4 of the Dungeon.
             The game lasted 00:06:00 (3745 turns).

galech the Chopper (Demonspawn Fighter)             Turns: 3745, Time: 00:06:01

Health: -3/54      AC: 13    Str: 16    XL:     7   Next: 57%
Magic:  7/7        EV:  7    Int: 10    God:
Gold:   239        SH:  7    Dex: 18    Spells: 6/6 levels left

rFire    . . .     SeeInvis +   e - +0 hand axe (chop)
rCold    . . .     Gourm    .   c - +0 shield
rNeg     . . .     Faith    .   n - +2 ring mail {rPois}
rPois    +         Spirit   .   q - +0 helmet
rElec    .         Reflect  .   m - +0 cloak
rCorr    .         Harm     .   (no gloves)
MR       .....                  (no boots)
Stlth    +.........             (no amulet)
HPRegen  0.18/turn              a - +4 ring of dexterity
MPRegen  0.10/turn              v - ring of see invisible

@: very heavily drained
A: slimy green scales 3, powered by pain 1
a: no special abilities


You were on level 4 of the Dungeon.
You were hungry.

You visited 1 branch of the dungeon, and saw 4 of its levels.
You also visited: Ossuary.

You collected 239 gold pieces.

Inventory:

Hand Weapons
 e - a +0 hand axe of chopping (weapon)
Armour
 c - a +0 shield (worn)
 m - a +0 cloak (worn)
 n - a +2 ring mail of poison resistance (worn)
 q - a +0 helmet (worn)
Jewellery
 a - a +4 ring of dexterity (left hand)
 v - a ring of see invisible (right hand)
Wands
 x - a wand of iceblast (9)
Scrolls
 h - 2 scrolls of fear
 i - 2 scrolls of remove curse
 j - a scroll of amnesia
 l - a scroll of random uselessness
 u - a scroll of enchant armour
 y - 2 scrolls of teleportation
Potions
 b - a potion of haste {unknown}
 d - 3 potions of might
 g - 2 potions of brilliance {unknown}
 k - a potion of mutation {unknown}
 o - 3 potions of curing {unknown}
 p - a potion of flight {unknown}
 t - 2 potions of degeneration {unknown}
 w - a potion of magic {unknown}
 z - a potion of resistance
Comestibles
 f - 5 rations


   Skills:
 + Level 4.2(0.0) Fighting
 + Level 5.5(1.1) Axes
 + Level 4.0(0.0) Armour
 + Level 2.2(0.0) Dodging
 + Level 0.3(0.0) Stealth
 + Level 3.9(0.0) Shields


You had 6 spell levels left.
You didn't know any spells.
Your spell library was empty.

Dungeon Overview and Level Annotations

Branches:
Dungeon (4/15)
 Temple: D:4-7

Altars:
Qazlal
Trog
Xom

Annotations:
D:4 Edmund


Innate Abilities, Weirdness & Mutations

You are completely covered in slimy green scales. (AC +4, rPois)
You sometimes gain a little power by taking damage.


Message History

You feel drained.
You hit Edmund but do no damage.
Edmund is severely wounded.
You block Edmund's attack.
You hit Edmund but do no damage.
Edmund is severely wounded.
You block Edmund's attack.
You hit Edmund but do no damage.
Edmund is severely wounded.
Edmund hits you but does no damage.
You feel drained.
You hit Edmund but do no damage.
Edmund is severely wounded.
Edmund hits you with a flail of draining!
* * * LOW HITPOINT WARNING * * *
You feel drained.
* * * LOW HITPOINT WARNING * * *
You hit Edmund.
Edmund is severely wounded.
Edmund hits you with a flail of draining!
You die...

## .# ...... .### # ...
..... ...###.# #.# ....
......#.#..# ...
...##.##.#.# ..
.####.##.#.# .# .#
#.##.#.######@# ##
##.##.#.##...@†####.#
####...#.#.##.##.†......
......)....#...#.#####...
####...#.................
##.######...#.......##
#.# ##.##.>###### ..#
#.##...(
+..#######.###.###
##.........# #.#


You could see Edmund.

Vanquished Creatures
  Grinder (D:3)
  Eustachio (D:4)
  An orc wizard (D:3)
  2 orc priests
  2 bullfrog zombies (Ossuary)
  A hound zombie (Ossuary)
  9 mummies (Ossuary)
  A howler monkey zombie (Ossuary)
  A worker ant zombie (Ossuary)
  Robin (D:2)
  2 adders
  An ooze (D:2)
  2 adder zombies (Ossuary)
  A dart slug (D:3)
  2 worms
  16 orcs
  4 bats
  2 giant cockroaches (D:1)
  16 goblins
  3 hobgoblins (D:2)
  A jackal (D:2)
  2 ball pythons (D:2)
  9 frilled lizards
  9 kobolds
  A leopard gecko zombie (Ossuary)
  2 quokka zombies (Ossuary)
  5 rats
98 creatures vanquished.

Notes
Turn   | Place    | Note
-------+----------+-------------------------------------------
     0 | D:1      | galech the Demonspawn Fighter began the quest for the Orb.
     0 | D:1      | Reached XP level 1. HP: 18/18 MP: 1/1
   262 | D:1      | Gained mutation: You are partially covered in slimy green
                  | scales. (AC +2) [demonic ancestry]
   262 | D:1      | Reached XP level 2. HP: 24/24 MP: 2/2
   382 | D:1      | Reached skill level 2 in Axes
   859 | D:2      | Noticed Robin
   891 | D:1      | Reached XP level 3. HP: 23/29 MP: 3/3
   976 | D:2      | Killed Robin
  1076 | D:2      | Found a faded altar of an unknown god.
  1086 | D:2      | You fall through a shaft!
  1194 | D:3      | Gained mutation: You are mostly covered in slimy green
                  | scales. (AC +3) [demonic ancestry]
  1194 | D:3      | Reached XP level 4. HP: 32/35 MP: 4/4
  1390 | D:2      | Reached skill level 3 in Axes
  1421 | D:2      | Found a shimmering altar of Xom.
  1509 | D:2      | Found a bloodstained altar of Trog.
  1983 | D:3      | Gained mutation: You sometimes gain a little power by
                  | taking damage. [demonic ancestry]
  1983 | D:3      | Reached XP level 5. HP: 16/41 MP: 5/5
  2233 | D:3      | Found a stormy altar of Qazlal.
  2454 | D:3      | Noticed Grinder
  2470 | D:3      | Paralysed by Grinder for 2 turns
  2481 | D:3      | Killed Grinder
  2481 | D:3      | Reached skill level 4 in Axes
  2481 | D:3      | Reached skill level 1 in Dodging
  2481 | D:3      | Reached XP level 6. HP: 3/48 MP: 6/6
  2844 | D:4      | Found a sand-covered staircase.
  2848 | Ossuary  | Entered an ossuary
  3106 | Ossuary  | Reached skill level 5 in Axes
  3106 | Ossuary  | Gained mutation: You are completely covered in slimy green
                  | scales. (AC +4, rPois) [demonic ancestry]
  3106 | Ossuary  | Reached XP level 7. HP: 46/54 MP: 7/7
  3653 | D:4      | Noticed Eustachio
  3679 | D:4      | Killed Eustachio
  3709 | D:4      | Noticed Edmund
  3745 | D:4      | Slain by Edmund

Vault maps used:
D:1:      giann_horns, minivault_5, minmay_misc_feat_doors,
          grunt_decor_arrowhead
D:2:      tgw_xom, bloody_trog, chequers_ecumenical_altar_simple_redux,
          uniq_robin
D:3:      overflow_temple_1_default, minivault_26, uniq_grinder
D:4:      chequers_temple_overflow_minitemple,
          minmay_temple_entry_enclosed_plants, first_ration, enter_ossuary_5,
          minmay_misc_feat_roman, uniq_edmund, uniq_eustachio
Ossuary:  ossuary_zaba_flooded

Skill      XL: |  1  2  3  4  5  6  7 |
---------------+----------------------+-----
Axes           | 2 3 4 5 |  5.5
Armour         | 3 4 |  4.0
Shields        | 3 |  3.9
Dodging        | 1 2 |  2.2
Fighting       | 4 |  4.2
Stealth        | |  0.3

Action                   |  1- 3 |  4- 6 |  7- 9 || total
-------------------------+-------+-------+-------++-------
Melee: War axe           |   121 |    64 |       ||   185
       Hand axe          |       |   118 |   143 ||   261
  Use: Scroll            |       |     7 |       ||     7
       Potion            |       |       |     1 ||     1
  Eat: Chunk             |     1 |     5 |       ||     6
       Ration            |       |     1 |       ||     1
Armor: Scale mail        |    22 |       |       ||    22
       Ring mail         |    49 |    53 |    49 ||   151
Dodge: Dodged            |    30 |    64 |    47 ||   141
Block: Shield            |    80 |    68 |    61 ||   209

Table legend:
 A = Non-vault XP
 B = Vault XP
 C = Vault XP percentage of total XP
 D = Non-vault monster count
 E = Vault monster count
 F = Vault count percentage of total count
                 A         B        C        D         E       F
            +---------+---------+-------+---------+---------+-------
      Total |     259 |     871 |  77.1 |      57 |      41 |  41.8
            +---------+---------+-------+---------+---------+-------
        D:1 |      22 |       6 |  21.4 |      18 |       3 |  14.3
        D:2 |      89 |      38 |  29.9 |      15 |      14 |  48.3
        D:3 |      98 |     273 |  73.6 |      20 |       2 |   9.1
        D:4 |      50 |     220 |  81.5 |       4 |       3 |  42.9
    Ossuary |       0 |     334 | 100.0 |       0 |      19 | 100.0
            +---------+---------+-------+---------+---------+-------
